 Dungeon Crawl Stone Soup version 0.29.0-4-gdea44cf6ec (webtiles) character file.

Game seed: 15705658382976588208

182 qw the Ruffian (level 5, -1/41 HPs)
             Began as a Ghoul Fire Elementalist on Aug 30, 2022.
             Slain by a jelly (2 damage)
             ... on level 4 of the Dungeon.
             The game lasted 00:03:00 (4004 turns).

qw the Ruffian (Ghoul Fire Elementalist)            Turns: 4004, Time: 00:03:01

Health: -1/41      AC: -4    Str: 14    XL:     5   Next: 62%
Magic:  6/6        EV: 11    Int: 10    God:
Gold:   95         SH:  0    Dex:  9    Spells: 6/7 levels left

rFire   . . .      SeeInvis .     - Unarmed
rCold   + . .      Faith    .   (no shield)
rNeg    + + +      Spirit   .   h - +0 leather armour
rPois   inf        Reflect  .   (no helmet)
rElec   .          Harm     .   j - +1 cloak
rCorr   .          Rampage  .   b - +2 pair of gloves
Will    .....                   (no boots)
Stlth   +.........              (no amulet)
HPRegen 0.00/turn               (no ring)
MPRegen 0.10/turn               (no ring)

@: about to teleport, corroded, inhibited regen
A: claws 1, cold resistance 1, negative energy resistance 3, inhibited
regeneration, torment resistance 2, devour on kill
a: no special abilities


You were on level 4 of the Dungeon.
You visited 1 branch of the dungeon, and saw 4 of its levels.

You collected 95 gold pieces.


Innate Abilities, Weirdness & Mutations

You are immune to poison.
You have sharp fingernails.
Your flesh is cold resistant. (rC+)
You are immune to negative energy. (rN+++)
You do not regenerate when monsters are visible.
You are immune to unholy pain and torment.
You thrive by killing the living.


   Skills:
 - Level 2.1 Fighting
 - Level 1.7 Dodging
 - Level 2.1 Stealth
 + Level 5.1 Unarmed Combat
 - Level 1.7 Spellcasting
 - Level 0.7 Conjurations
 - Level 2.4 Fire Magic


You had 6 spell levels left.
You knew the following spells:

 Your Spells              Type           Power      Damage    Failure   Level
a - Foxfire               Conj/Fire      16%        2x1d4     22%         1

Your spell library contained the following spells:

 Spells                   Type           Power      Damage    Failure   Level
 Scorch                   Fire           10%        2d5       22%         2
 Conjure Flame            Conj/Fire      4%         6-21      54%         3
 Inner Flame              Hex/Fire       3%         N/A       58%         3
 Flame Wave               Conj/Fire      4%         2d5       91%         4

Inventory:

Armour
 b - a +2 pair of gloves (worn)
 h - a +0 leather armour (worn)
 j - a +1 cloak (worn)
Scrolls
 i - 6 scrolls of teleportation
Potions
 a - a potion of haste {unknown}
 d - a potion of attraction {unknown}
 e - a potion of heal wounds
 f - a potion of curing {unknown}

Dungeon Overview and Level Annotations

Branches:
Dungeon (4/15)
 Temple: D:4-7

Altars:
Uskayaw

Annotations:
D:4 2 transporters


Message History

3988 ||| Stepping ~*~*~tactically~*~*~ (outnumbered).
3989 ||| Stepping ~*~*~tactically~*~*~ (outnumbered).
You barely miss the goblin. You hit the goblin but do no damage.
The goblin hits you but does no damage.
3992 ||| Stepping ~*~*~tactically~*~*~ (outnumbered).
The jelly jiggles.
3993 ||| Stepping ~*~*~tactically~*~*~ (outnumbered).
3994 ||| Stepping ~*~*~tactically~*~*~ (outnumbered).
The jelly attacks as you move away! The jelly barely misses you.
3995 ||| Stepping ~*~*~tactically~*~*~ (outnumbered).
The jelly jiggles.
3996 ||| Stepping ~*~*~tactically~*~*~ (outnumbered).
The jelly attacks as you move away! The jelly closely misses you.
3997 ||| Stepping ~*~*~tactically~*~*~ (outnumbered).
The jelly attacks as you move away! The jelly hits you but does no damage.
3998 ||| Stepping ~*~*~tactically~*~*~ (outnumbered).
The jelly attacks as you move away! The jelly hits you but does no damage.
3999 ||| Stepping ~*~*~tactically~*~*~ (outnumbered).
The jelly attacks as you move away! The jelly hits you. The acid corrodes you!
You are splashed with acid!
The gnoll shouts!
You hear a shout!
You barely miss the jelly.
The jelly is moderately wounded.
The jelly closely misses you.
The gnoll shouts!
You hit the jelly.
Your hands burn!
The jelly is severely wounded.
The jelly hits you but does no damage.
You barely miss the jelly.
The jelly is severely wounded.
The jelly hits you. The acid corrodes you!
You are splashed with acid!
You hit the jelly. The acid corrodes you!
Your hands burn!
The jelly is almost dead.
The jelly hits you.
You are splashed with acid!
4004 ||| READING 7 scrolls of teleportation.
As you read the scroll of teleportation, it crumbles to dust.
You feel strangely unstable. The jelly hits you.
You die...

#.##.~~..# ...#
#g#......# .##
+.#^...).#
#.#......#
#g##.~~..#
#.g#.~~..#
#.##.~~.##
#$#..~~.#
#.###~~@# ..
..gg#~~J# g..
##.8#~~g## ...
#.g#~~..## .$..
####~~...##
....
~~~~~~~....##
#....
~~~~~~~.##).##
##%....
........###..##
##......
#########
#...###....##.


You could see a jelly, 5 gnolls and a goblin.

Vanquished Creatures
  A phantom (D:4)
  5 adders
  3 worms (D:2)
  A dart slug (D:2)
  An orc (D:4)
  4 ball pythons
  5 bats
  4 endoplasms
  4 giant cockroaches
  5 hobgoblins (D:3)
  2 jackals (D:1)
  2 quokkas
  4 frilled lizards
  6 goblins
  3 kobolds
  3 rats
53 creatures vanquished.

Vanquished Creatures (others)
  6 plants (D:4)
6 creatures vanquished.

Grand Total: 59 creatures vanquished

Notes
Turn   | Place    | Note
-------+----------+-------------------------------------------
     0 | D:1      | qw the Ghoul Fire Elementalist began the quest for the Orb.
     0 | D:1      | Reached XP level 1. HP: 14/14 MP: 2/2
     0 | D:1      | 0 ||| qw: Version: 0.1-a-90-g952f4b7
     0 | D:1      | 0 ||| qw: Game counter: 4261
     0 | D:1      | 0 ||| qw: Always use a shield: true
     0 | D:1      | 0 ||| qw: God list: Okawaru
     0 | D:1      | 0 ||| qw: Allow faded altars: false
     0 | D:1      | 0 ||| qw: Do Orc after D:15 true
     0 | D:1      | 0 ||| qw: Do second Lair branch before Depths: true
     0 | D:1      | 0 ||| qw: Lair rune preference: random
     0 | D:1      | 0 ||| qw: Plans: Normal
     0 | D:1      | 0 ||| PLANNING D:1-11
   301 | D:1      | Reached skill level 1 in Unarmed Combat
   384 | D:1      | Reached skill level 1 in Fighting
   384 | D:1      | Reached XP level 2. HP: 23/23 MP: 3/3
   522 | D:1      | 522 ||| Stepping ~*~*~tactically~*~*~ (outnumbered).
   840 | D:1      | Reached skill level 2 in Unarmed Combat
   841 | D:1      | 841 ||| UPGRADING to +0 leather armour.
   851 | D:1      | 851 ||| DROPPING +0 robe.
   852 | D:1      | 852 ||| DROPPING ring of flight.
   853 | D:1      | 853 ||| READING scroll labelled UFOUNY VYCK.
   854 | D:1      | 854 ||| READING scroll labelled PAGYTYMULOM.
   859 | D:1      | 859 ||| READING scroll labelled BORPHA SYCE.
   860 | D:1      | 860 ||| READING scroll labelled NIANLOO ZICEEQI.
   861 | D:1      | 861 ||| DRINKING 2 golden potions.
   862 | D:1      | 862 ||| DROPPING potion of magic.
   908 | D:2      | HP: 5/23 [worm (9)]
   909 | D:2      | 909 ||| DRINKING potion of heal wounds.
  1045 | D:2      | 1045 ||| Stepping ~*~*~tactically~*~*~ (stealth).
  1066 | D:2      | Found a faded altar of an unknown god.
  1067 | D:2      | 1067 ||| Stepping randomly (stuck).
  1068 | D:2      | 1068 ||| Stepping randomly (stuck).
  1068 | D:2      | Noticed a floating eye
  1073 | D:2      | Reached XP level 3. HP: 28/28 MP: 4/4
  1109 | D:2      | Noticed a golden eye
  1109 | D:2      | Noticed a shining eye
  1109 | D:2      | Noticed a floating eye
  1167 | D:2      | 1167 ||| Stepping ~*~*~tactically~*~*~ (stealth).
  1168 | D:2      | 1168 ||| Stepping ~*~*~tactically~*~*~ (stealth).
  1195 | D:2      | Reached skill level 3 in Unarmed Combat
  1519 | D:2      | 1519 ||| Stepping ~*~*~tactically~*~*~ (hiding).
  1621 | D:2      | 1621 ||| Stepping ~*~*~tactically~*~*~ (hiding).
  1723 | D:2      | 1723 ||| Stepping ~*~*~tactically~*~*~ (hiding).
  1825 | D:2      | 1825 ||| Stepping ~*~*~tactically~*~*~ (hiding).
  1927 | D:2      | 1927 ||| Stepping ~*~*~tactically~*~*~ (hiding).
  2029 | D:2      | 2029 ||| Stepping ~*~*~tactically~*~*~ (hiding).
  2131 | D:2      | 2131 ||| Stepping ~*~*~tactically~*~*~ (hiding).
  2233 | D:2      | 2233 ||| Stepping ~*~*~tactically~*~*~ (hiding).
  2606 | D:2      | 2606 ||| READING scroll labelled ZOLOZUA UMUZEU.
  2607 | D:2      | 2607 ||| DRINKING 2 glowing black potions.
  2608 | D:2      | 2608 ||| DROPPING potion of lignification.
  2710 | D:3      | 2710 ||| Stepping ~*~*~tactically~*~*~ (stealth).
  2714 | D:3      | 2714 ||| Stepping ~*~*~tactically~*~*~ (outnumbered).
  2723 | D:3      | Reached XP level 4. HP: 29/35 MP: 5/5
  2795 | D:3      | 2795 ||| Stepping ~*~*~tactically~*~*~ (stealth).
  2843 | D:3      | Reached skill level 4 in Unarmed Combat
  2864 | D:3      | 2864 ||| Stepping ~*~*~tactically~*~*~ (stealth).
  2866 | D:3      | 2866 ||| Stepping ~*~*~tactically~*~*~ (stealth).
  2919 | D:3      | 2919 ||| Stepping ~*~*~tactically~*~*~ (stealth).
  2920 | D:3      | 2920 ||| Stepping ~*~*~tactically~*~*~ (stealth).
  2922 | D:3      | 2922 ||| Stepping ~*~*~tactically~*~*~ (stealth).
  2924 | D:3      | 2924 ||| Stepping ~*~*~tactically~*~*~ (stealth).
  3072 | D:3      | 3072 ||| Stepping ~*~*~tactically~*~*~ (stealth).
  3408 | D:3      | Found a hide-covered altar of Uskayaw.
  3819 | D:3      | 3819 ||| UPGRADING to +2 pair of gloves.
  3824 | D:3      | 3824 ||| UPGRADING to +0 cloak.
  3829 | D:3      | 3829 ||| READING scroll labelled OROS RUONASTRAQ.
  3830 | D:3      | 3830 ||| READING 2 scrolls labelled IXKYMN CUFRASS.
  3831 | D:3      | 3831 ||| READING scroll of enchant armour.
  3831 | D:3      | 3831 ||| ENCHANTING +0 cloak.
  3832 | D:3      | 3832 ||| DRINKING 2 smoky brown potions.
  3833 | D:3      | 3833 ||| DROPPING potion of brilliance.
  3878 | D:4      | Found a transporter.
  3884 | D:4      | Found a transporter.
  3907 | D:4      | 3907 ||| Stepping ~*~*~tactically~*~*~ (stealth).
  3910 | D:4      | 3910 ||| Stepping ~*~*~tactically~*~*~ (hiding).
  3913 | D:4      | Noticed a phantom
  3949 | D:4      | Killed a phantom
  3950 | D:4      | Reached skill level 5 in Unarmed Combat
  3950 | D:4      | Reached XP level 5. HP: 35/41 MP: 6/6
  3978 | D:4      | 3978 ||| Stepping ~*~*~tactically~*~*~ (stealth).
  3984 | D:4      | 3984 ||| Stepping ~*~*~tactically~*~*~ (outnumbered).
  3985 | D:4      | 3985 ||| Stepping ~*~*~tactically~*~*~ (outnumbered).
  3986 | D:4      | 3986 ||| Stepping ~*~*~tactically~*~*~ (outnumbered).
  3988 | D:4      | 3988 ||| Stepping ~*~*~tactically~*~*~ (outnumbered).
  3989 | D:4      | 3989 ||| Stepping ~*~*~tactically~*~*~ (outnumbered).
  3992 | D:4      | 3992 ||| Stepping ~*~*~tactically~*~*~ (outnumbered).
  3993 | D:4      | 3993 ||| Stepping ~*~*~tactically~*~*~ (outnumbered).
  3994 | D:4      | 3994 ||| Stepping ~*~*~tactically~*~*~ (outnumbered).
  3995 | D:4      | 3995 ||| Stepping ~*~*~tactically~*~*~ (outnumbered).
  3996 | D:4      | 3996 ||| Stepping ~*~*~tactically~*~*~ (outnumbered).
  3997 | D:4      | 3997 ||| Stepping ~*~*~tactically~*~*~ (outnumbered).
  3998 | D:4      | 3998 ||| Stepping ~*~*~tactically~*~*~ (outnumbered).
  3999 | D:4      | 3999 ||| Stepping ~*~*~tactically~*~*~ (outnumbered).
  4003 | D:4      | HP: 10/41 [acid (5)]
  4003 | D:4      | HP: 1/41 [acid (7)]
  4004 | D:4      | 4004 ||| READING 7 scrolls of teleportation.
  4004 | D:4      | Slain by a jelly

Levels and vault maps discovered:
D:1:      roderic_dead_forest, layout_basic
D:2:      layout_loops_corners, hellmonk_ecumenical_altar_watching_god
D:3:      layout_basic, lemuel_crystal_altar
D:4:      layout_layer_cave, gammafunk_ghost_gnarly_gnolls, uniq_menkaure,
          uniq_blork_the_orc, uniq_ijyb

Skill      XL: |  1  2  3  4 |
---------------+-------------+-----
Unarmed Combat | 1 2 3 5 |  5.1
Fighting       | 1 2 |  2.1
Dodging        | |  1.7
Stealth        | |  2.1
Spellcasting   | |  1.7
Conjurations   | |  0.7
Fire Magic     | |  2.4

Action                   |  1- 3 |  4- 6 || total
-------------------------+-------+-------++-------
Melee: Unarmed           |   137 |    91 ||   228
       Punch             |     2 |       ||     2
  Use: Scroll            |     5 |     4 ||     9
       Potion            |     3 |     1 ||     4
Armor: Robe              |    29 |       ||    29
       Leather armour    |    10 |    18 ||    28
Dodge: Dodged            |    82 |    47 ||   129

Table legend:
 A = Non-vault XP
 B = Vault XP
 C = Vault XP percentage of total XP
 D = Non-vault monster count
 E = Vault monster count
 F = Vault count percentage of total count
                 A         B        C        D         E       F
            +---------+---------+-------+---------+---------+-------
      Total |     261 |       0 |   0.0 |      53 |       0 |   0.0
            +---------+---------+-------+---------+---------+-------
        D:1 |      24 |       0 |   0.0 |      16 |       0 |   0.0
        D:2 |      46 |       0 |   0.0 |      13 |       0 |   0.0
        D:3 |      80 |       0 |   0.0 |      18 |       0 |   0.0
        D:4 |     111 |       0 |   0.0 |       6 |       0 |   0.0
            +---------+---------+-------+---------+---------+-------
